 Dungeon Crawl Stone Soup version 0.16.1-11-g651b585 (webtiles) character file.

5341 stefstar9900 the Destroyer (level 10, -17/50 HPs)
             Began as a Deep Elf Wizard on Apr 3, 2015.
             Was an Initiate of Vehumet.
             Demolished by a large abomination (25 damage)
             ... on level 2 of the Abyss.
             The game lasted 01:43:08 (13237 turns).

stefstar9900 the Destroyer (Deep Elf Wizard)       Turns: 13237, Time: 01:43:08

Health: -17/50     AC:  6    Str:  4    XL:     10   Next: 38%
Magic:  1/30       EV: 16    Int: 27    God:    Vehumet [......]
Gold:   461        SH:  7    Dex: 13    Spells: 7 memorised, 9 levels left

rFire  . . .     SeeInvis .     x - staff of conjuration
rCold  + . .     Clarity  .     a - +0 robe
rNeg   . . .     SustAb   .     p - +2 buckler
rPois  .         Gourm    .     T - +2 hat
rElec  .         Spirit   .     h - +0 cloak
rCorr  .         Warding  .     (no gloves)
rMut   .         Stasis   .     s - +0 pair of boots (curse)
MR     +....                    (no amulet)
Stlth  +++.......               (no ring)
                                y - ring of protection from cold

@: somewhat resistant to hostile enchantments, fairly stealthy
A: no striking features
a: Renounce Religion


You were on level 2 of the Abyss.
You worshipped Vehumet.
Vehumet was noncommittal.
You were hungry.

You visited 3 branches of the dungeon, and saw 10 of its levels.
You visited the Abyss 1 time.

You collected 461 gold pieces.

Inventory:

Hand weapons
 i - a +0 dagger of chaos
 m - a +2 dagger of speed
 q - a +1 battleaxe
 w - a +1 trident of freezing
Missiles
 e - 3 needles of sleeping
Armour
 a - a +0 robe (worn)
 h - a +0 cloak (worn)
 p - a +2 buckler (worn)
 s - a cursed +0 pair of boots (worn)
 T - a +2 hat (worn)
Magical staves
 x - an uncursed staff of conjuration (weapon)
Jewellery
 y - a ring of protection from cold (left hand)
Magical devices
 O - a wand of frost (24)
 R - a wand of disintegration (14)
 S - a wand of fire (9)
 Z - a wand of digging (15)
Scrolls
 l - 2 scrolls of magic mapping {unknown}
 n - a scroll of noise {unknown}
 o - a scroll of enchant armour {unknown}
 r - a scroll of random uselessness {unknown}
 t - 4 scrolls of teleportation {unknown}
 A - 3 scrolls of recharging {unknown}
 B - 2 scrolls of fear {unknown}
 I - 2 scrolls of remove curse {unknown}
 Q - 8 scrolls of identify
 Y - a scroll of fog {unknown}
Potions
 b - a potion of restore abilities {unknown}
 c - a potion of cure mutation {unknown}
 f - 3 potions of curing
 k - a potion of flight
 u - 4 potions of heal wounds
 v - 2 potions of cancellation
Comestibles
 d - 7 bread rations
 g - 6 meat rations
 j - 3 fruits
 z - 2 chunks of flesh


   Skills:
 + Level 7.7 Dodging
 - Level 6.0 Stealth
 - Level 4.0 Shields
 + Level 9.2 Spellcasting
 * Level 9.7 Conjurations
 - Level 1.1 Summonings
 - Level 1.1 Translocations
 * Level 7.0 Fire Magic


You had 9 spell levels left.
You knew the following spells:

 Your Spells              Type           Power        Failure   Level  Hunger
a - Magic Dart            Conj           ####         1%          1    None
b - Blink                 Tloc           N/A          6%          2    None
c - Repel Missiles        Chrm/Air       ##....       10%         2    None
d - Conjure Flame         Conj/Fire      ######..     1%          3    None
e - Mephitic Cloud        Conj/Pois/Air  #####...     3%          3    None
f - Call Imp              Summ           ###.....     6%          2    None
g - Ignite Poison         Fire/Trmt      ####......   34%         5    ####...


Dungeon Overview and Level Annotations

Branches:
Dungeon (8/15)             Temple (1/1) D:6            Lair (1/8) D:8

Altars:
Ashenzari
Cheibriados
Dithmenos
Elyvilon
Fedhas
Gozag
Kikubaaqudgha
Makhleb
Nemelex Xobeh
Okawaru
Qazlal
Ru
Sif Muna
Trog
Vehumet
Yredelemnul
Zin
The Shining One

Annotations:
D:8 exclusion: ice statue, Erolcha


Message History

* * * LOW HITPOINT WARNING * * *
Casting: Magic Dart
Confirm with . or Enter, or press ? or * to list all spells.
Aiming: Magic Dart
Press: ? - help, Shift-Dir - straight line, f/p - large abomination
Aim: a large abomination (moderately damaged)
You feel a surge of power!
The magic dart hits the large abomination.
The large abomination is moderately damaged.
Casting: Magic Dart
Confirm with . or Enter, or press ? or * to list all spells.
Aiming: Magic Dart
Press: ? - help, Shift-Dir - straight line, f/p - large abomination
Aim: a large abomination (moderately damaged)
You feel a surge of power!
The magic dart hits the large abomination.
The large abomination is moderately damaged.
The large abomination hits you!!
Ouch! That really hurt!
You die...

# ...# .. .
... .##..
#...#....
#.......
#.#?... .##
.....##....
#...ยง.....#
#@X# ##.#
..# #...
.##. .. . ..
..


You could see a large abomination.

Vanquished Creatures
  Joseph (D:8)
  Psyche (D:8)
  Prince Ribbit (D:7)
  A two-headed ogre (D:8)
  A spriggan (D:7)
  The ghost of Psiweapon the Chopper, an average HOFi (D:4)
  A chaos spawn (Abyss:1)
  Edmund (D:6)
  3 orc warriors
  A black bear (D:8)
  2 necrophages (D:6)
  2 phantoms
  3 centaurs (D:7)
  3 ogres
  2 ice beasts
  Blork the orc (D:5)
  5 giant frogs
  A wyvern skeleton (D:8)
  A water moccasin skeleton (D:5)
  A scorpion (D:7)
  A small abomination (Abyss:1)
  5 wights (D:8)
  5 crimson imps
  2 centaur zombies
  A jelly (D:7)
  A giant frog zombie (D:3)
  5 orc priests
  A goliath beetle (D:7)
  3 centaur skeletons
  6 hounds
  9 orc wizards
  6 worker ants
  4 iguanas
  Natasha (thrice) (D:6)
  2 killer bee zombies
  Ijyb (D:7)
  A hound zombie (D:5)
  A mummy (D:8)
  A worker ant zombie (D:7)
  Robin (D:2)
  7 adders
  14 gnolls
  3 shadow imps
  A giant mite (D:3)
  A worm (D:4)
  2 adder skeletons
  36 orcs
  A ball python (D:6)
  A bat zombie (D:7)
  11 giant cockroaches
  16 goblins
  18 hobgoblins
  8 jackals
  8 quokkas
  14 bats
  6 giant geckos
  2 giant gecko zombies
  5 giant newts
  A goblin zombie (D:7)
  A jackal skeleton (D:8)
  8 kobolds
  A quokka skeleton (D:6)
  A quokka zombie (D:8)
  15 rats
  A starspawn tentacle segment (Abyss:1)
274 creatures vanquished.

Vanquished Creatures (others)
  A quokka (D:5)
  4 starspawn tentacles (Abyss:1)
  87 starspawn tentacle segments (Abyss:1)
92 creatures vanquished.

Grand Total: 366 creatures vanquished

Notes
Turn   | Place    | Note
--------------------------------------------------------------
     0 | D:1      | stefstar9900, the Deep Elf Wizard, began the quest for the Orb.
     0 | D:1      | Reached XP level 1. HP: 10/10 MP: 6/6
   244 | D:1      | Reached XP level 2. HP: 7/15 MP: 0/10
   251 | D:1      | Learned a level 2 spell: Blink
   254 | D:1      | Learned a level 2 spell: Repel Missiles
  1519 | D:2      | Reached XP level 3. HP: 19/19 MP: 11/13
  1524 | D:2      | Noticed Robin
  1557 | D:1      | Learned a level 3 spell: Conjure Flame
  1561 | D:1      | Learned a level 3 spell: Mephitic Cloud
  1600 | D:2      | Reached skill level 5 in Spellcasting
  1798 | D:2      | Killed Robin
  2120 | D:2      | Reached XP level 4. HP: 24/24 MP: 9/17
  2537 | D:2      | Learned a level 2 spell: Call Imp
  2926 | D:3      | Reached skill level 1 in Fire Magic
  2926 | D:3      | Reached XP level 5. HP: 28/28 MP: 2/19
  3095 | D:3      | Found a glowing silver altar of Zin.
  3095 | D:3      | Found a sparkling altar of Nemelex Xobeh.
  3651 | D:3      | Reached XP level 6. HP: 32/32 MP: 17/21
  4231 | D:3      | Reached skill level 6 in Spellcasting
  4577 | D:4      | Reached XP level 7. HP: 36/36 MP: 17/24
  4582 | D:4      | Reached skill level 5 in Conjurations
  4973 | D:4      | Noticed Psiweapon's ghost (average HOFi)
  5027 | D:4      | Killed Psiweapon's ghost
  5326 | D:4      | Reached skill level 5 in Dodging
  5849 | D:5      | Entered Level 5 of the Dungeon
  5978 | D:5      | Noticed Blork the orc
  6036 | D:5      | Reached XP level 8. HP: 12/41 MP: 8/25
  6073 | D:5      | Killed Blork the orc
  6073 | D:5      | Reached skill level 7 in Spellcasting
  6373 | D:5      | Found a white marble altar of Elyvilon.
  6412 | D:5      | Reached skill level 1 in Shields
  7088 | D:6      | Noticed Edmund
  7164 | D:6      | Noticed Natasha
  7168 | D:6      | Killed Natasha
  7233 | D:6      | Noticed Natasha
  7243 | D:6      | Killed Natasha
  7511 | D:6      | Reached skill level 5 in Stealth
  7530 | D:6      | Killed Edmund
  7687 | D:6      | Noticed Natasha
  7689 | D:6      | Killed Natasha
  7834 | D:6      | Found a staircase to the Ecumenical Temple.
  7902 | Temple   | Entered the Ecumenical Temple
  8325 | D:6      | Reached XP level 9. HP: 42/45 MP: 18/28
  9055 | D:7      | Noticed Prince Ribbit
  9078 | D:7      | Killed Prince Ribbit
  9164 | D:7      | Noticed Ijyb
  9167 | D:7      | Killed Ijyb
  9330 | D:7      | Reached skill level 8 in Spellcasting
  9355 | D:7      | Reached skill level 5 in Fire Magic
 10530 | D:7      | Found a burning altar of Makhleb.
 10815 | D:8      | Found a radiant altar of Vehumet.
 10832 | D:8      | Became a worshipper of Vehumet
 10883 | D:8      | Found a staircase to the Lair.
 11201 | Lair:1   | Entered Level 1 of the Lair of Beasts
 11291 | D:8      | Found a deep blue altar of Sif Muna.
 11353 | D:8      | Noticed Erolcha
 11419 | D:8      | Noticed Joseph
 11449 | D:8      | Reached skill level 9 in Conjurations
 11449 | D:8      | Reached XP level 10. HP: 35/50 MP: 16/30
 11706 | Lair:1   | Learned a level 5 spell: Ignite Poison
 12042 | D:8      | Killed Joseph
 12455 | D:8      | Noticed Psyche
 12668 | D:8      | Killed Psyche
 12698 | D:8      | Found a basalt altar of Yredelemnul.
 12745 | D:8      | Noticed an ice statue
 13089 | D:8      | Cast into the Abyss (Erolcha)
 13186 | Abyss:1  | Noticed a tentacled starspawn
 13237 | Abyss:2  | Demolished by a large abomination

Action                   |  1- 3 |  4- 6 |  7- 9 | 10-12 || total
-------------------------+-------+-------+-------+-------++-------
 Cast: Magic Dart        |   115 |   189 |   528 |   199 ||  1031
       Mephitic Cloud    |     2 |     6 |    12 |     7 ||    27
       Repel Missiles    |       |     1 |     1 |     1 ||     3
       Conjure Flame     |       |     4 |    36 |    10 ||    50
       Blink             |       |     1 |     5 |     1 ||     7
Evoke: Wand              |       |       |     2 |       ||     2
  Use: Scroll            |       |     8 |     1 |       ||     9
  Eat: Chunk             |     3 |     8 |    19 |     2 ||    32
       Bread ration      |       |       |     1 |       ||     1
